 Dungeon Crawl Stone Soup version 0.29-a0-459-g97dee8cd24 (webtiles) character file.

Game seed: 615047542982249591

304 spiderkeys the Skirmisher (level 6, -5/48 HPs)
             Began as a Mummy Abyssal Knight on May 20, 2022.
             Was a Priest of Lugonu.
             Slain by an orc priest
             ... wielding a +1 vorpal mace
              (6 damage)
             ... on level 4 of the Dungeon.
             The game lasted 00:03:58 (2682 turns).

spiderkeys the Skirmisher (Mummy Abyssal Knight)    Turns: 2682, Time: 00:03:59

Health: -5/48      AC:  6    Str: 24    XL:     6   Next: 15%
Magic:  8/8        EV: 11    Int:  9    God:    Lugonu [***...]
Gold:   198        SH:  0    Dex: 13    Spells: 5/5 levels left

rFire   x . .      SeeInvis .   a - +1 spear
rCold   + . .      Faith    .   (no shield)
rNeg    + + +      Spirit   .   g - +0 ring mail
rPois   ∞          Reflect  .   k - +0 helmet
rElec   .          Harm     .   (no cloak)
rCorr   .          Rampage  .   (no gloves)
Will    .....                   (no boots)
Stlth   +.........              (no amulet)
HPRegen 0.16/turn               S - +6 ring of strength
MPRegen 0.11/turn               (no ring)

@: no status effects
A: cold resistance 1, negative energy resistance 3, torment resistance 2, heat
vulnerability 1, in touch with death 1, no potions
a: Renounce Religion, Depart the Abyss, Bend Space, Banish


You were on level 4 of the Dungeon.
You worshipped Lugonu.
Lugonu was most pleased with you.
You visited 1 branch of the dungeon, and saw 4 of its levels.
You visited the Abyss 1 time.

You collected 198 gold pieces.


Innate Abilities, Weirdness & Mutations

You are immune to poison.
Your flesh is cold resistant. (rC+)
You are immune to negative energy. (rN+++)
You are immune to unholy pain and torment.
You are vulnerable to heat. (rF-)
You are in touch with the powers of death.
You do not drink.


   Skills:
 + Level 4.3 Fighting
 + Level 2.9 Polearms
 + Level 2.9 Armour
 - Level 1.0 Dodging
 + Level 3.1 Invocations


You had 5 spell levels left.
You didn't know any spells.
Your spell library contained the following spells:

 Spells                   Type           Power      Damage    Failure   Level
 Alistair's Intoxication  Tmut/Pois      0%         N/A       100%        5
 Borgnjor's Vile Clutch   Necr/Erth      0%         N/A       100%        5
 Eringya's Noxious Bog    Tmut/Pois      0%         N/A       100%        6

Inventory:

Hand Weapons
 a - a +1 spear (weapon)
Missiles
 d - 2 atropa-tipped darts
 e - 2 poisoned darts
 j - 97 stones
Armour
 b - a +0 leather armour
 f - a +0 robe
   (You took it off Jessica on level 2 of the Dungeon)
 g - a +0 ring mail (worn)
   (You found it on level 1 of the Dungeon)
 h - a +0 ring mail
   (You found it on level 1 of the Dungeon)
 k - a +0 helmet (worn)
   (You found it on level 2 of the Dungeon)
 l - a +0 ring mail
   (You found it on level 2 of the Dungeon)
 p - a +0 robe
   (You found it on level 2 of the Dungeon)
 r - a +0 ring mail
   (You found it on level 2 of the Dungeon)
Jewellery
 S - a +6 ring of strength (left hand)
   (You found it on level 2 of the Dungeon)
Scrolls
 c - a scroll of immolation {unknown}
 i - a scroll of blinking {!r}
 q - a scroll of enchant armour

Dungeon Overview and Level Annotations

Branches:
Dungeon (4/15)
 Temple: D:4-7

Altars:

Shops:
D:2 *

Annotations:
D:3 Sigmund

###..#.#
....#.#
.#.#.#
....#
...# ..#
#o# #@#
###


You could see an orc priest.


Message History

There is a stone staircase leading down here. 😕 HP[-3]
You take 3 damage, and now have 45/48 hp.
The orc hits you but does no damage.
You climb downwards.
There is a stone staircase leading up here.
You puncture the orc!
You kill the orc!
Lugonu accepts your kill. 😕 HP[+1] No target in view!
No target in view!
No target in view!
You can't go down here!
You climb upwards.
Level annotation: Sigmund
There is a stone staircase leading down here.
The orc priest hits you with a +1 vorpal mace.
You climb downwards.
There is a stone staircase leading up here. 😕 HP[-5]
You take 5 damage, and now have 41/48 hp.
You hit the orc priest but do no damage.
The orc priest hits you with a +1 vorpal mace. 😮 HP[-5]
You take 5 damage, and now have 36/48 hp.
You are too injured to fight recklessly!
You are too injured to fight recklessly!
You are too injured to fight recklessly!
You hit the orc priest but do no damage.
The orc priest barely misses you.
You hit the orc priest.
The orc priest hits you with a +1 vorpal mace. 😮 HP[-4]
You take 4 damage, and now have 32/48 hp.
You barely miss the orc priest. The orc priest barely misses you.
You hit the orc priest.
The orc priest hits you but does no damage.
You hit the orc priest but do no damage.
The orc priest closely misses you.
You barely miss the orc priest.
The orc priest hits you with a +1 vorpal mace.
* * * LOW HITPOINT WARNING * * *
😨 HP[-8]
You take 8 damage, and now have 24/48 hp.
You completely miss the orc priest.
The orc priest barely misses you. 😮 HP[+1]
You hit the orc priest. The orc priest barely misses you.
You closely miss the orc priest.
The orc priest hits you with a +1 vorpal mace.
* * * LOW HITPOINT WARNING * * *
x2 😨 HP[-7]
You take 7 damage, and now have 18/48 hp.
You hit the orc priest.
The orc priest begins to cast a cantrip, but forgets the words!
You barely miss the orc priest.
The orc priest hits you with a +1 vorpal mace.
* * * LOW HITPOINT WARNING * * *
x2 😨 HP[-3]
You take 3 damage, and now have 15/48 hp.
You barely miss the orc priest. The orc priest barely misses you.
You hit the orc priest.
The orc priest barely misses you. 😨 HP[+1]
You hit the orc priest but do no damage.
The orc priest barely misses you.
You barely miss the orc priest.
The orc priest hits you with a +1 vorpal mace.
* * * LOW HITPOINT WARNING * * *
x2 😱 HP[-5]
You take 5 damage, and now have 11/48 hp.
You hit the orc priest but do no damage.
The orc priest hits you with a +1 vorpal mace.
* * * LOW HITPOINT WARNING * * *
x2 😱 HP[-3]
You take 3 damage, and now have 8/48 hp.
You hit the orc priest but do no damage.
The orc priest closely misses you.
You hit the orc priest but do no damage.
You hit the orc priest but do no damage.
The orc priest hits you with a +1 vorpal mace.
* * * LOW HITPOINT WARNING * * *
x2 😱 HP[-4]
You take 4 damage, and now have 4/48 hp.
You hit the orc priest but do no damage.
The orc priest hits you with a +1 vorpal mace.
* * * LOW HITPOINT WARNING * * *
x2 😱 HP[-1]
You take 1 damage, and now have 3/48 hp.
You closely miss the orc priest.
The orc priest looks satisfied for a moment.
You completely miss the orc priest.
The orc priest hits you but does no damage.
You hit the orc priest but do no damage.
The orc priest hits you with a +1 vorpal mace.
* * * LOW HITPOINT WARNING * * *
x2 😱 HP[-2]
You take 2 damage, and now have 1/48 hp.
You hit the orc priest.
The orc priest hits you with a +1 vorpal mace.
You die...

Skill      XL: |  1  2  3  4 |
---------------+-------------+-----
Dodging        | 1 |  1.0
Invocations    | 2 3 |  3.1
Polearms       | 2 |  2.9
Armour         | 2 |  2.9
Fighting       | 4 |  4.3

Action                   |  1- 3 |  4- 6 || total
-------------------------+-------+-------++-------
Melee: Spear             |    89 |    87 ||   176
Throw: Stone             |       |     4 ||     4
       Dart              |       |     3 ||     3
Invok: Bend Space        |     1 |       ||     1
  Use: Scroll            |     2 |     6 ||     8
 Stab: Distracted        |     1 |       ||     1
Armor: Ring mail         |    25 |    17 ||    42
Dodge: Dodged            |    38 |    33 ||    71

Levels and vault maps discovered:
D:1:      elethiomel_arrival_shortcut, layout_basic,
          ebering_ecumenical_altar_rust, dreamdust_mushroom_princess
D:2:      wad_crossroads, layout_basic, serial_shops, shop, uniq_jessica
D:3:      layout_rooms, uniq_grinder, uniq_sigmund
D:4:      layout_basic, minmay_temple_entry_hall, minmay_close_crescents

Notes
Turn   | Place    | Note
-------+----------+-------------------------------------------
     0 | Abyss:1  | spiderkeys the Mummy Abyssal Knight began the quest for the
                  | Orb.
     0 | Abyss:1  | Reached XP level 1. HP: 18/18 MP: 2/2
     0 | Abyss:1  | magus.rc [v1.11.3]
     5 | Abyss:1  | Found a corrupted altar of Lugonu.
    24 | Abyss:1  | Found a radiant altar of Vehumet.
    26 | Abyss:1  | Found a corrupted altar of Lugonu.
    50 | D:1      | You pass through the gate.
    50 | D:1      | Escaped the Abyss
   171 | D:1      | Found a faded altar of an unknown god.
   360 | D:1      | Reached skill level 1 in Dodging
   360 | D:1      | Reached XP level 2. HP: 22/24 MP: 3/3
   952 | D:2      | Found Daqus's General Store.
  1151 | D:2      | Reached skill level 2 in Invocations
  1206 | D:2      | HP: 5/24 [adder (2)]
  1212 | D:2      | Reached skill level 2 in Polearms
  1212 | D:2      | Reached skill level 2 in Armour
  1212 | D:2      | Gained mutation: You are in touch with the powers of death.
                  | [Mummy growth]
  1212 | D:2      | Reached XP level 3. HP: 5/29 MP: 2/4
  1213 | D:2      | HP: 3/29 [adder (2)]
  1214 | D:2      | HP: 1/29 [adder (2)]
  1566 | D:2      | Noticed Jessica
  1576 | D:2      | Killed Jessica
  1577 | D:2      | Reached XP level 4. HP: 28/36 MP: 5/5
  1698 | D:2      | You add the spells Alistair's Intoxication, Borgnjor's Vile
                  | Clutch and Eringya's Noxious Bog to your library.
  1950 | D:3      | Noticed Grinder
  2031 | D:2      | Paralysed by Grinder for 4 turns
  2048 | D:2      | HP: 3/37 [Grinder (8)]
  2050 | D:2      | Paralysed by Grinder for 2 turns
  2062 | D:2      | Killed Grinder
  2063 | D:2      | Reached skill level 4 in Fighting
  2063 | D:2      | Reached skill level 3 in Invocations
  2063 | D:2      | Reached XP level 5. HP: 5/42 MP: 5/7
  2063 | D:2      | Reached XP level 6. HP: 6/48 MP: 5/8
  2402 | D:3      | Noticed Sigmund
  2633 | D:3      | Reached *** piety under Lugonu
  2673 | D:4      | HP: 12/48 [orc priest/+1 vorpal mace (4)]
  2677 | D:4      | HP: 5/48 [orc priest/+1 vorpal mace (3)]
  2681 | D:4      | HP: 2/48 [orc priest/+1 vorpal mace (1)]
  2682 | D:4      | Slain by an orc priest

Vanquished Creatures
  Grinder (D:2)
  Jessica (D:2)
  6 adders (D:2)
  A dart slug (D:1)
  2 orcs (D:4)
  4 endoplasms
  A giant cockroach (D:3)
  3 hobgoblins
  A kobold (D:2)
  2 quokkas
  A ball python (D:1)
  4 bats
  A frilled lizard (D:1)
  4 goblins
  4 rats
36 creatures vanquished.

Table legend:
 A = Non-vault XP
 B = Vault XP
 C = Vault XP percentage of total XP
 D = Non-vault monster count
 E = Vault monster count
 F = Vault count percentage of total count
                 A         B        C        D         E       F
            +---------+---------+-------+---------+---------+-------
      Total |     112 |     323 |  74.3 |      30 |       6 |  16.7
            +---------+---------+-------+---------+---------+-------
        D:1 |      19 |       0 |   0.0 |      11 |       0 |   0.0
        D:2 |      74 |     323 |  81.4 |      10 |       6 |  37.5
        D:3 |      13 |       0 |   0.0 |       7 |       0 |   0.0
        D:4 |       6 |       0 |   0.0 |       2 |       0 |   0.0
            +---------+---------+-------+---------+---------+-------

Illustrated notes

Table legend:
 A = Kills in this place as a percentage of kills in entire the game.
 B = Kills by you in this place as a percentage of kills by you in the entire game.
 C = Kills by friends in this place as a percentage of kills by friends in the entire game.
 D = Other kills in this place as a percentage of other kills in the entire game.
 E = Experience gained in this place as a percentage of experience gained in the entire game.
 F = Experience gained in this place divided by the number of levels of this place that you have seen.
                   A       B       C       D       E      F
               +-------+-------+-------+-------+-------+----------------------
         Total | 100.0 | 100.0 |   N/A |   N/A | 100.0 |  87.0
       Dungeon | 100.0 | 100.0 |   N/A |   N/A | 100.0 | 108.8
               +-------+-------+-------+-------+-------+----------------------

Table legend: (Time is in decaauts)
 A = Elapsed time spent in this place.
 B = Non-inter-level travel time spent in this place.
 C = Inter-level travel time spent in this place.
 D = Time resting spent in this place.
 E = Time spent auto-exploring this place.
 F = Levels seen in this place.
 G = Mean time per level.
                   A        B        C        D        E       F      G
               +--------+--------+--------+--------+--------+-----+--------+
         Total |   2684 |   2541 |    143 |    388 |   1730 |   5 |  536.8 |
       Dungeon |   2634 |   2491 |    143 |    388 |   1724 |   4 |  658.5 |
         Abyss |     50 |     50 |      0 |      0 |      6 |   1 |   50.0 |
               +--------+--------+--------+--------+--------+-----+--------+

Top non-repeatable levels by time:
     D:2: 1743 daAuts
     D:1: 647 daAuts
     D:3: 202 daAuts
 Abyss:1: 50 daAuts
     D:4: 40 daAuts
